 Dungeon Crawl Stone Soup version 0.30-a0-223-gcb0039aa0c (webtiles) character file.

Game seed: 15784620105390923235

3665 qw the Cleaver (level 10, -7/63 HPs)
             Began as a Gargoyle Fighter on Oct 9, 2022.
             Was a Believer of Okawaru.
             Mangled by a vampire
             ... wielding a +2 mace of protection
              (16 damage)
             ... on level 7 of the Dungeon.
             The game lasted 00:02:22 (4990 turns).

qw the Cleaver (Gargoyle Fighter)                   Turns: 4990, Time: 00:02:23

Health: -7/63      AC: 29    Str: 25    XL:     10   Next: 12%
Magic:  9/13       EV: 10    Int: 13    God:    Okawaru [**....]
Gold:   395        SH: 11    Dex:  9    Spells: 9/9 levels left

rFire   . . .      SeeInvis .    Y - +4 broad axe (drain)
rCold   . . .      Faith    .    c - +0 buckler
rNeg    + . .      Spirit   .    r - +2 chain mail {Will+}
rPois   inf        Reflect  +    b - +0 helmet
rElec   +          Harm     .    (no cloak)
rCorr   .          Rampage  .    p - +0 pair of gloves
Will    +....                    u - +0 pair of boots
Stlth   ..........               w - amulet of Tujoisal {Reflect Int+5 SH+5}
HPRegen 0.30/turn                t - +4 ring of protection
MPRegen 0.13/turn                (no ring)

@: about to teleport, heroic, very slow
A: sickness immunity, AC +7, negative energy resistance 1, electricity
resistance, torment resistance 1, petrification resistance
a: Renounce Religion, Heroism


You were on level 7 of the Dungeon.
You worshipped Okawaru.
Okawaru was pleased with you.
You visited 1 branch of the dungeon, and saw 7 of its levels.

You collected 395 gold pieces.


Innate Abilities, Weirdness & Mutations

You are immune to sickness and miasma.
Your stone body is resilient. (AC +7)
You are immune to poison.
You resist negative energy. (rN+)
You are resistant to electric shocks. (rElec)
You are resistant to unholy torment.
You are immune to petrification.


   Skills:
 - Level 7.0(12.0) Fighting
 + Level 9.9(14.9) Axes
 - Level 1.0(6.0) Throwing
 - Level 6.5(11.5) Armour
 - Level 1.4(6.4) Dodging
 - Level 4.3(9.3) Shields
 - Level 4.3 Invocations


You had 9 spell levels left.
You didn't know any spells.
Your spell library was empty.

Inventory:

Hand Weapons
 v - the +4 morningstar of Fate {freeze, Int+4 Stlth+}
   (You found it on level 4 of the Dungeon)

   It freezes those it strikes, dealing additional cold damage.
   It can also slow down cold-blooded creatures.
   Int:       It affects your intelligence (+4).
   Stlth:     It makes you more stealthy.
 Y - a +4 broad axe of draining (weapon)
Missiles
 o - 7 boomerangs (quivered)
Armour
 b - a +0 helmet (worn)
 c - a +0 buckler (worn)
 j - the +1 leather armour of the Storm King {Drain Will+ rCorr Stlth+}
   (You found it on level 2 of the Dungeon)

   rCorr:     It protects you from acid and corrosion.
   Drain:     It drains your maximum health when unequipped.
   Will:      It increases your willpower.
   Stlth:     It makes you more stealthy.
 p - a +0 pair of gloves (worn)
 r - a +2 chain mail of willpower (worn)
 u - a +0 pair of boots (worn)
Jewellery
 t - a +4 ring of protection (left hand)
 w - the amulet of Tujoisal (around neck) {Reflect Int+5 SH+5}
   (You found it on level 6 of the Dungeon)

   [amulet of reflection]

   It reflects blocked missile attacks.
   Int:       It affects your intelligence (+5).
   SH:        It affects your SH (+5).
Scrolls
 a - a scroll of identify
Potions
 d - a potion of might
 e - 2 potions of attraction
 f - a potion of cancellation
 h - a potion of heal wounds
 i - 2 potions of haste
 k - 2 potions of curing
 m - a potion of ambrosia {unknown}
 n - a potion of magic {unknown}
 q - a potion of degeneration {unknown}
 s - a potion of lignification

Dungeon Overview and Level Annotations

Branches:
Dungeon (7/15)
 Temple: D:4-7

Altars:
Fedhas
Gozag
Okawaru
Qazlal
Sif Muna
Vehumet
Yredelemnul

Shops:
D:2 [   D:6 [

Annotations:
D:5 2 transporters, qw's ghost, novice GrFi


Message History

You closely miss the sky beast.
The sky beast is almost dead.
You closely miss something. The sky beast closely misses you.
Something hits you but does no damage. You block something's attack.
You slash the sky beast!
You kill the sky beast!
Okawaru accepts your kill.
You hit something but do no damage. Something hits you!
Something bites you but does no damage.
You barely miss the necrophage. You hit something.
You closely miss the necrophage. You barely miss something. Something hits you.
Something bites you but does no damage.
The necrophage hits you but does no damage.
You slash the necrophage!
The necrophage is heavily damaged.
You hit something but do no damage. Something hits you. Something bites you.
The necrophage hits you but does no damage.
You barely miss the necrophage.
The necrophage is heavily damaged.
You hit something but do no damage. Something hits you but does no damage.
Something bites you but does no damage. The necrophage misses you.
You slice the necrophage!!
You destroy the necrophage!
Okawaru accepts your kill.
You barely miss something. Something hits you.
Something bites you but does no damage.
You enter the shallow water.
Moving in this stuff is going to be slow.
A troll comes into view.
The two-headed ogre hits you but does no damage.
The two-headed ogre hits you with a +0 giant club!!
Items here: $ %%%%%%%%% ))) ? [[[.
4990 ||| READING scroll of teleportation.
As you read the scroll of teleportation, it crumbles to dust.
You feel strangely unstable. Something hits you!
You die...

..# #. ..# .#.
#.. ... #.#
... #.# #.#
#)### #
#.##.#.##..#
#...#OT$.# #
##..@# ##.
##.#)##
##..###.##)#
#....#.###.#
...####.## #.#
#....%.# #.#
#..####.####..
#.....##.#
#..<..##.#


You could see a two-headed ogre and a troll.

Vanquished Creatures
  Pikel (D:6)
  Sigmund (D:5)
  A yak (D:7)
  Eustachio (D:5)
  A steam dragon (D:7)
  Edmund (D:4)
  An ice beast (D:5)
  5 sky beasts
  2 black bears (D:6)
  2 orc warriors
  3 centaurs
  2 phantoms
  3 bullfrogs
  A gnoll sergeant (D:7)
  A necrophage (D:7)
  Blork the orc (D:5)
  2 scorpions (D:5)
  A killer bee (D:7)
  A howler monkey (D:6)
  4 jellies
  2 hounds
  5 orc priests
  An iguana (D:6)
  4 orc wizards
  Robin (D:3)
  3 gnolls (D:5)
  5 adders
  2 white imps
  4 ufetubi
  4 worms
  6 dart slugs
  28 orcs
  8 ball pythons
  5 endoplasms
  4 giant cockroaches
  15 hobgoblins
  7 kobolds
  A quokka (D:2)
  2 bats (D:1)
  3 frilled lizards
  12 goblins
  2 quokka zombies (D:3)
  6 rats
165 creatures vanquished.

Vanquished Creatures (others)
  A fungus (D:4)
1 creature vanquished.

Grand Total: 166 creatures vanquished

Notes
Turn   | Place    | Note
-------+----------+-------------------------------------------
     0 | D:1      | qw the Gargoyle Fighter began the quest for the Orb.
     0 | D:1      | Reached XP level 1. HP: 14/14 MP: 1/1
     0 | D:1      | 0 ||| qw: Version: 0.2-a-17-g06abaee
     0 | D:1      | 0 ||| qw: Game counter: 2124
     0 | D:1      | 0 ||| qw: Always use a shield: true
     0 | D:1      | 0 ||| qw: God list: Okawaru
     0 | D:1      | 0 ||| qw: Allow faded altars: false
     0 | D:1      | 0 ||| qw: Do Orc after D:15 true
     0 | D:1      | 0 ||| qw: Do second Lair branch before Depths: true
     0 | D:1      | 0 ||| qw: Lair rune preference: random
     0 | D:1      | 0 ||| qw: Plans: Normal, Zot:1-4, God:TSO, Crypt, Tomb,
                  | Pan, Slime:5, Hells, Abyss, Orb
     0 | D:1      | 0 ||| PLANNING D:1-11
    12 | D:1      | 12 ||| Stepping ~*~*~tactically~*~*~ (stealth).
    18 | D:1      | Reached skill level 2 in Axes
    66 | D:1      | 66 ||| Stepping ~*~*~tactically~*~*~ (stealth).
    69 | D:1      | Reached XP level 2. HP: 16/19 MP: 2/2
   195 | D:1      | 195 ||| READING scroll labelled UDWEZA POGAULU.
   256 | D:1      | 256 ||| Stepping ~*~*~tactically~*~*~ (stealth).
   266 | D:1      | Reached skill level 3 in Axes
   268 | D:1      | 268 ||| Stepping ~*~*~tactically~*~*~ (stealth).
   599 | D:1      | 599 ||| READING scroll labelled LODWUI VOILOW.
   600 | D:1      | 600 ||| READING scroll labelled UCWEUMOHES.
   601 | D:1      | 601 ||| READING scroll labelled DEUDEGHAWNA.
   602 | D:1      | 602 ||| READING 2 scrolls labelled GINAPS JEUFF.
   607 | D:1      | 607 ||| DRINKING 2 ruby potions.
   619 | D:2      | Reached XP level 3. HP: 23/23 MP: 3/3
   650 | D:2      | Found Affas's Antique Armour Emporium.
   680 | D:2      | 680 ||| SHOPLISTING encrusted scale mail (225 gold, have
                  | 55).
   680 | D:2      | 680 ||| SHOPLISTING runed plate armour (650 gold, have 55).
   730 | D:2      | Identified the +1 leather armour of the Storm King {Drain
                  | Will+ rCorr Stlth+}
  1031 | D:2      | 1031 ||| Stepping ~*~*~tactically~*~*~ (stealth).
  1033 | D:2      | 1033 ||| Stepping ~*~*~tactically~*~*~ (stealth).
  1073 | D:2      | Reached XP level 4. HP: 28/28 MP: 4/4
  1327 | D:2      | 1327 ||| UPGRADING to +0 pair of gloves.
  1332 | D:2      | 1332 ||| READING scroll labelled OCUITU SI SIFEDGHU.
  1332 | D:2      | Identified a scroll of acquirement
  1332 | D:2      | 1332 ||| ACQUIRING +1 broad axe of draining
  1332 | D:2      | Acquired a +1 broad axe of draining
  1334 | D:2      | 1334 ||| SWAPPING to +1 broad axe of draining.
  1335 | D:2      | 1335 ||| DROPPING +0 war axe.
  1336 | D:2      | 1336 ||| READING scroll labelled VUNIRE YCUFO.
  1337 | D:2      | 1337 ||| DRINKING 2 fizzy puce potions.
  1359 | D:3      | 1359 ||| PLANNING SEWER
  1473 | D:3      | 1473 ||| Stepping ~*~*~tactically~*~*~ (stealth).
  1486 | D:3      | Reached skill level 4 in Axes
  1501 | D:3      | Noticed Robin
  1515 | D:3      | HP: 4/28 [Robin/+0 trident (6)]
  1516 | D:3      | 1516 ||| READING scroll of teleportation.
  1517 | D:3      | Killed Robin
  1668 | D:3      | 1668 ||| Stepping ~*~*~tactically~*~*~ (stealth).
  1675 | D:3      | 1675 ||| Stepping ~*~*~tactically~*~*~ (hiding).
  1733 | D:3      | 1733 ||| Stepping ~*~*~tactically~*~*~ (hiding).
  1943 | D:3      | Found a shimmering blue altar of Sif Muna.
  1972 | D:3      | 1972 ||| RIP SEWER
  2078 | D:3      | 2078 ||| PLANNING D:1-11
  2105 | D:3      | 2105 ||| UPGRADING to +0 chain mail.
  2115 | D:3      | 2115 ||| DROPPING +0 scale mail.
  2140 | D:3      | 2140 ||| UPGRADING to +0 helmet.
  2218 | D:3      | 2218 ||| UPGRADING to +0 pair of boots.
  2265 | D:3      | Reached XP level 5. HP: 32/32 MP: 5/5
  2265 | D:3      | 2265 ||| Stepping ~*~*~tactically~*~*~ (stealth).
  2301 | D:3      | Found a basalt altar of Yredelemnul.
  2447 | D:3      | 2447 ||| READING scroll labelled BIRGHAD WIAKHLAGRA.
  2448 | D:3      | 2448 ||| READING 2 scrolls labelled QAUNUM OLUUCK.
  2449 | D:3      | 2449 ||| DROPPING scroll of amnesia.
  2603 | D:4      | Noticed Edmund
  2622 | D:4      | Killed Edmund
  2623 | D:4      | Reached skill level 5 in Axes
  2623 | D:4      | Reached XP level 6. HP: 33/37 MP: 6/6
  2638 | D:4      | 2638 ||| DROPPING +0 whip.
  2659 | D:4      | Found a radiant altar of Vehumet.
  2679 | D:4      | Found a blossoming altar of Fedhas.
  2817 | D:4      | 2817 ||| Stepping ~*~*~tactically~*~*~ (hiding).
  3074 | D:4      | Identified the +4 morningstar of Fate {freeze, Int+4
                  | Stlth+}
  3076 | D:4      | 3076 ||| DROPPING +0 flail of holy wrath.
  3370 | D:4      | 3370 ||| UPGRADING to +2 chain mail of willpower.
  3380 | D:4      | 3380 ||| DROPPING +0 chain mail.
  3381 | D:4      | 3381 ||| UPGRADING to amulet of the acrobat.
  3386 | D:4      | 3386 ||| DRINKING 2 clear potions.
  3387 | D:4      | 3387 ||| DRINKING 2 inky potions.
  3388 | D:4      | 3388 ||| DROPPING potion of brilliance.
  3389 | D:4      | 3389 ||| DROPPING potion of flight.
  3402 | D:5      | Entered Level 5 of the Dungeon
  3406 | D:5      | 3406 ||| Stepping ~*~*~tactically~*~*~ (stealth).
  3411 | D:5      | Noticed Blork the orc
  3412 | D:5      | Reached skill level 6 in Axes
  3416 | D:5      | Reached skill level 1 in Dodging
  3416 | D:5      | Reached XP level 7. HP: 28/43 MP: 7/7
  3431 | D:5      | HP: 8/43 [Blork the orc/puff of flame (5)]
  3432 | D:5      | Killed Blork the orc
  3434 | D:5      | 3434 ||| FLEEEEING.
  3439 | D:5      | 3439 ||| STAIRDANCE
  3597 | D:5      | 3597 ||| FLEEEEING.
  3598 | D:5      | 3598 ||| FLEEEEING.
  3599 | D:5      | 3599 ||| FLEEEEING.
  3600 | D:5      | 3600 ||| FLEEEEING.
  3601 | D:5      | 3601 ||| FLEEEEING.
  3602 | D:5      | 3602 ||| FLEEEEING.
  3603 | D:5      | 3603 ||| FLEEEEING.
  3604 | D:5      | 3604 ||| FLEEEEING.
  3605 | D:5      | 3605 ||| STAIRDANCE
  3646 | D:5      | 3646 ||| STAIRDANCE
  3660 | D:5      | Reached skill level 7 in Axes
  3678 | D:5      | Found a transporter.
  3679 | D:5      | Found a transporter.
  3681 | D:5      | Noticed qw's ghost (novice GrFi)
  3682 | D:5      | Identified the +7 dire flail of Laceration {freeze, SInv}
  3682 | D:5      | Noticed Sigmund
  3683 | D:5      | 3683 ||| Stepping ~*~*~tactically~*~*~ (hiding).
  3684 | D:5      | 3684 ||| Stepping ~*~*~tactically~*~*~ (hiding).
  3693 | D:5      | Killed Sigmund
  3694 | D:5      | Reached XP level 8. HP: 49/49 MP: 8/8
  3695 | D:5      | 3695 ||| Stepping ~*~*~tactically~*~*~ (stealth).
  3696 | D:5      | 3696 ||| Stepping ~*~*~tactically~*~*~ (stealth).
  3786 | D:5      | Found a stormy altar of Qazlal.
  3788 | D:5      | Noticed a water elemental
  3789 | D:5      | Noticed an air elemental
  3820 | D:5      | Noticed Eustachio
  3829 | D:5      | Killed Eustachio
  3869 | D:5      | 3869 ||| Stepping ~*~*~tactically~*~*~ (stealth).
  4065 | D:5      | Reached skill level 1 in Throwing
  4152 | D:5      | 4152 ||| READING scroll labelled PEZXYPH ADIA.
  4153 | D:5      | 4153 ||| READING 3 scrolls labelled YMMADI TOYBLI.
  4154 | D:5      | 4154 ||| READING 2 scrolls of enchant weapon.
  4154 | D:5      | 4154 ||| ENCHANTING +2 broad axe of draining.
  4155 | D:5      | 4155 ||| READING scroll of enchant weapon.
  4155 | D:5      | 4155 ||| ENCHANTING +3 broad axe of draining.
  4156 | D:5      | 4156 ||| DRINKING 3 coppery potions.
  4157 | D:5      | 4157 ||| DRINKING 2 glowing silvery potions.
  4238 | D:6      | 4238 ||| Stepping ~*~*~tactically~*~*~ (hiding).
  4307 | D:6      | Found Unkyn's Armour Shop.
  4316 | D:6      | 4316 ||| SHOPLISTING +3 hat of Pondering {ponderous, Will+
                  | MP+10 Int+5} (495 gold, have 318).
  4316 | D:6      | 4316 ||| SHOPLISTING +5 kite shield of Salvation {*Slow rC+
                  | Str+2 Int+6} (711 gold, have 318).
  4367 | D:6      | 4367 ||| Stepping ~*~*~tactically~*~*~ (hiding).
  4368 | D:6      | 4368 ||| Stepping ~*~*~tactically~*~*~ (hiding).
  4369 | D:6      | 4369 ||| Stepping ~*~*~tactically~*~*~ (hiding).
  4374 | D:6      | Reached skill level 8 in Axes
  4382 | D:6      | Reached skill level 6 in Fighting
  4420 | D:6      | 4420 ||| Stepping ~*~*~tactically~*~*~ (stealth).
  4434 | D:6      | 4434 ||| Stepping ~*~*~tactically~*~*~ (stealth).
  4452 | D:6      | 4452 ||| Stepping ~*~*~tactically~*~*~ (stealth).
  4453 | D:6      | 4453 ||| Stepping ~*~*~tactically~*~*~ (stealth).
  4457 | D:6      | Reached XP level 9. HP: 44/55 MP: 9/9
  4475 | D:6      | Reached skill level 9 in Axes
  4479 | D:6      | 4479 ||| Stepping ~*~*~tactically~*~*~ (stealth).
  4495 | D:6      | 4495 ||| Stepping ~*~*~tactically~*~*~ (stealth).
  4502 | D:6      | 4502 ||| Stepping ~*~*~tactically~*~*~ (stealth).
  4641 | D:6      | Found an iron altar of Okawaru.
  4642 | D:6      | 4642 ||| PLANNING OKAWARU WORSHIP
  4642 | D:6      | 4642 ||| READING 3 scrolls of identify.
  4642 | D:6      | 4642 ||| IDENTIFYING murky inky potion
  4643 | D:6      | 4643 ||| READING 2 scrolls of identify.
  4643 | D:6      | 4643 ||| IDENTIFYING white potion
  4649 | D:6      | Became a worshipper of Warmaster Okawaru
  4650 | D:6      | 4650 ||| PLANNING D:1-11
  4688 | D:6      | Noticed Pikel
  4689 | D:6      | 4689 ||| Stepping ~*~*~tactically~*~*~ (stealth).
  4694 | D:6      | Killed Pikel
  4694 | D:6      | Reached * piety under Okawaru
  4695 | D:6      | Reached skill level 6 in Armour
  4778 | D:6      | Identified the amulet of Tujoisal {Reflect Int+5 SH+5}
  4884 | D:6      | Found an opulent altar of Gozag.
  4886 | D:6      | 4886 ||| UPGRADING to amulet of Tujoisal {Reflect Int+5
                  | SH+5}.
  4896 | D:6      | 4896 ||| DROPPING amulet of the acrobat.
  4897 | D:6      | 4897 ||| UPGRADING to +4 ring of protection.
  4924 | D:7      | Reached skill level 1 in Invocations
  4930 | D:7      | 4930 ||| Stepping ~*~*~tactically~*~*~ (hiding).
  4934 | D:7      | 4934 ||| INVOKING Heroism.
  4947 | D:7      | Reached skill level 3 in Invocations
  4948 | D:7      | 4948 ||| INVOKING Heroism.
  4954 | D:7      | 4954 ||| Stepping ~*~*~tactically~*~*~ (stealth).
  4966 | D:7      | Reached ** piety under Okawaru
  4967 | D:7      | Reached XP level 10. HP: 50/63 MP: 8/13
  4968 | D:7      | 4968 ||| INVOKING Heroism.
  4975 | D:7      | Identified the +9 scimitar of Jetageux {elec, *Rage rElec
                  | rN+ rCorr}
  4981 | D:7      | Noticed a two-headed ogre
  4989 | D:7      | HP: 9/63 [two-headed ogre/+0 giant club (19)]
  4990 | D:7      | 4990 ||| READING scroll of teleportation.
  4990 | D:7      | Mangled by a vampire

Levels and vault maps discovered:
D:1:      dpeg_arrival_court, layout_rooms, shapermc_ecumenical_altar_petra,
          minmay_strange_pillars
D:2:      layout_loops_ring, serial_shops, shop
D:3:      minmay_spotlight, layout_loops_ring, lemuel_round_altar,
          lemuel_zombie_altar_yredelemnul, cheibrodos_sewer_entry_bend,
          kennysheep_generic_room_14, uniq_robin
D:4:      layout_loops_corners, mainiacjoe_overflow_surrounded_room,
          mainiacjoe_overflow_boulevard, uniq_edmund
D:5:      layout_cave_pools, nicolae_qazlal_style_of_elements,
          gammafunk_ghost_smash, uniq_eustachio, uniq_blork_the_orc,
          uniq_sigmund
D:6:      layout_cave_pools, okawaru_metal_pillars_1_2, general_overflow_altar,
          serial_shops, nicolae_shop_stone, minmay_chambers_of_fives, uniq_pikel
D:7:      minmay_the_grid_square_5x5_3x3 [minmay_the_grid_square_5x5_misaligned,
          minmay_the_grid_square_5x5_two_small,
          minmay_the_grid_square_5x5_minibox,
          minmay_the_grid_square_5x5_shuriken,
          minmay_the_grid_square_5x5_megaprize_open,
          minmay_the_grid_square_5x5_tri_point,
          minmay_the_grid_square_5x5_dogpile, minmay_the_grid_square_5x5_spiral,
          minmay_the_grid_square_5x5_eight], layout_loops_cross,
          mainiacjoe_overflow_alcove_2, nicolae_wu_jian_glorious_leap,
          temple_pool_b, grunt_ogre_cave

Skill      XL: |  1  2  3  4  5  6  7  8  9 |
---------------+----------------------------+-----
Axes           | 2 3 4 5 6 7 8 9 |  9.9
Fighting       | 4 5 6 7 |  7.0
Dodging        | 1 |  1.4
Armour         | 4 6 |  6.5
Throwing       | 1 |  1.0
Shields        | 4 |  4.3
Invocations    | 4 |  4.3

Action                   |  1- 3 |  4- 6 |  7- 9 | 10-12 || total
-------------------------+-------+-------+-------+-------++-------
Melee: War axe           |    86 |    11 |       |       ||    97
       Broad axe         |       |   122 |   168 |    20 ||   310
Throw: Boomerang         |     5 |    49 |    46 |       ||   100
Invok: Heroism           |       |       |     2 |     1 ||     3
  Use: Scroll            |     5 |     5 |     6 |     1 ||    17
       Potion            |     1 |     3 |     2 |       ||     6
Armor: Scale mail        |    41 |    35 |       |       ||    76
       Chain mail        |       |    35 |   146 |    19 ||   200
Dodge: Dodged            |    40 |    47 |    87 |     8 ||   182
Block: Buckler           |    14 |    21 |    48 |    11 ||    94
       Reflection        |       |       |     2 |       ||     2

Table legend:
 A = Non-vault XP
 B = Vault XP
 C = Vault XP percentage of total XP
 D = Non-vault monster count
 E = Vault monster count
 F = Vault count percentage of total count
                 A         B        C        D         E       F
            +---------+---------+-------+---------+---------+-------
      Total |    1895 |    3342 |  63.8 |     118 |      47 |  28.5
            +---------+---------+-------+---------+---------+-------
        D:1 |      33 |       0 |   0.0 |      21 |       0 |   0.0
        D:2 |      55 |       0 |   0.0 |      17 |       0 |   0.0
        D:3 |      29 |      57 |  66.3 |      12 |      20 |  62.5
        D:4 |     140 |     162 |  53.6 |      18 |       1 |   5.3
        D:5 |     686 |     482 |  41.3 |      31 |       3 |   8.8
        D:6 |     823 |     931 |  53.1 |      18 |       6 |  25.0
        D:7 |     129 |    1710 |  93.0 |       1 |      17 |  94.4
            +---------+---------+-------+---------+---------+-------
